 Dungeon Crawl Stone Soup version 0.20-a0-833-gc632bec (webtiles) character file.

4676 Kidiri the Thaumaturge (level 10, -2/56 HPs)
             Began as a Deep Elf Fire Elementalist on Mar 7, 2017.
             Was a Follower of Vehumet.
             Killed from afar by a lindwurm (41 damage)
             ... with a blast of flame
             ... on level 1 of the Lair of Beasts.
             The game lasted 00:26:11 (10876 turns).

Kidiri the Thaumaturge (DEFE)                      Turns: 10876, Time: 00:26:12

Health: -2/56      AC:  7    Str:  5    XL:     10   Next: 21%
Magic:  25/26      EV: 16    Int: 24    God:    Vehumet [*.....]
Gold:   592        SH:  3    Dex: 15    Spells: 11/30 levels left

rFire    . . .     SeeInvis .   e - +5 dagger (drain)
rCold    + . .     Gourm    .   a - +0 robe
rNeg     . . .     Faith    .   (no shield)
rPois    .         Spirit   .   (no helmet)
rElec    .         Reflect  +   u - +1 cloak
rCorr    .         Harm     .   l - +1 pair of gloves
MR       +....                  w - +0 pair of boots
Stlth    ++........             o - +3 amulet of reflection
Regen    0.2/turn               B - ring of flight
MPRegen  0.2/turn               f - ring of protection from cold

@: no status effects
A: no striking features
a: Renounce Religion, Evoke Flight


You were on level 1 of the Lair of Beasts.
You worshipped Vehumet.
Vehumet was aware of your devotion.
You were not hungry.

You visited 3 branches of the dungeon, and saw 11 of its levels.

You collected 592 gold pieces.

Inventory:

Hand Weapons
 e - a +5 dagger of draining (weapon)
 F - a +1 dagger of freezing
Armour
 a - a +0 robe (worn)
 l - a +1 pair of gloves (worn)
 u - a +1 cloak (worn)
 w - a +0 pair of boots (worn)
Jewellery
 f - a ring of protection from cold (left hand)
 h - an uncursed ring of stealth
 o - a +3 amulet of reflection (around neck)
 B - a ring of flight (right hand)
 C - an uncursed ring of protection from cold
Wands
 n - a wand of enslavement (11/24)
 y - a wand of iceblast (0/15)
 z - a wand of polymorph (11/24)
 H - a wand of lightning (3/15)
Scrolls
 i - 3 scrolls of teleportation
 j - 7 scrolls of remove curse
 q - 3 scrolls of blinking
 A - a scroll of fear
Potions
 d - 2 potions of magic
 g - a potion of lignification
 k - 5 potions of might
 m - 2 potions of haste
 p - a potion of heal wounds {unknown}
 r - a potion of invisibility
 s - 2 potions of flight
 t - 2 potions of brilliance
 v - 2 potions of agility
 x - a potion of berserk rage
Books
 b - a book of Flames

   Spells                             Type                      Level
   a - Flame Tongue                   Conjuration/Fire             1
   b - Throw Flame                    Conjuration/Fire             2
   c - Conjure Flame                  Conjuration/Fire             3
   d - Inner Flame                    Hexes/Fire                   3
   e - Sticky Flame                   Conjuration/Fire             4
   f - Fireball                       Conjuration/Fire             5
Comestibles
 c - 5 bread rations
 D - a meat ration
 E - 5 chunks of flesh
 G - 4 fruits


   Skills:
 + Level 3.6 Fighting
 + Level 3.7 Short Blades
 + Level 3.6 Armour
 + Level 5.9 Dodging
 - Level 2.4 Stealth
 * Level 10.6 Spellcasting
 + Level 6.4 Conjurations
 + Level 7.1 Fire Magic
 + Level 1.1 Air Magic
 + Level 3.8 Evocations


You had 11 spell levels left.
You knew the following spells:

 Your Spells              Type           Power        Failure   Level  Hunger
a - Flame Tongue          Conj/Fire      #####        1%          1    None
b - Throw Flame           Conj/Fire      #####.       1%          2    None
c - Conjure Flame         Conj/Fire      #####...     1%          3    None
d - Inner Flame           Hex/Fire       ####....     3%          3    None
e - Sticky Flame          Conj/Fire      #####...     3%          4    None
f - Fireball              Conj/Fire      #####.....   12%         5    ####...
g - Shock                 Conj/Air       ####         1%          1    None


Dungeon Overview and Level Annotations

Branches:
Dungeon (9/15)             Temple (1/1) D:7            Lair (1/6) D:9
    Orc: D:9-12

Altars:
Ashenzari
Cheibriados
Dithmenos
Elyvilon
Fedhas
Gozag
Hepliaklqana
Kikubaaqudgha
Makhleb
Nemelex Xobeh
Okawaru
Qazlal
Ru
Sif Muna
Trog
Uskayaw
Vehumet
Wu Jian
Xom
Yredelemnul
Zin
The Shining One

Portals:
Volcano: Lair:1


Message History

The water moccasin bites you but does no damage.
You hit the water moccasin. You drain the water moccasin!
The water moccasin is heavily wounded.
The water moccasin burns!
The water moccasin misses you.
You puncture the water moccasin!
The water moccasin is almost dead.
The water moccasin burns!
You kill the water moccasin!
Vehumet accepts your kill.
You hear the rumble of an avalanche of rocks nearby.
Found a dark tunnel.
A lindwurm comes into view.
You see here a wand of acid (?/15).
The lindwurm roars!
The lindwurm breathes flames at you. The blast of flame hits you!
The lindwurm breathes flames at you. The blast of flame hits you!
Ouch! That really hurt!
You die...

****** *,**,*********
##### *,,,,,,,,,,,,,
##.≈∩# **,,,,,,,,,,,,
#.k§@# *,,,,*,,****,
#.§≈.# **,,,,*,,,,,,,
#.≈..# *+,,,,*,,,,,,,
#.≈..# **,,,,*,,,,,,,
#.≈≈/# *+,,,,*,,,,,,,
#..≈.##*#....*,,,,,,,
##.≈..# #....+,,,,,,,
#.≈..# #....#.,,,,,,
#.≈≈.# #......,,,,,,


You could see a lindwurm.

Vanquished Creatures
  A two-headed ogre (D:9)
  A hippogriff (D:8)
  Sigmund (D:4)
  A water moccasin (Lair:1)
  3 orc warriors
  3 wolves (Lair:1)
  A phantom (D:5)
  A sky beast (D:9)
  4 ogres
  3 centaurs
  5 bullfrogs
  2 scorpions
  A wyvern skeleton (D:6)
  A water moccasin skeleton (D:9)
  5 killer bees (D:8)
  3 wights (D:6)
  5 howler monkeys
  2 crimson imps
  2 bullfrog zombies
  A quasit (D:9)
  A hound (D:6)
  2 jellies
  3 centaur skeletons
  6 orc priests
  6 orc wizards
  3 worker ants
  A hound skeleton (D:4)
  2 worker ant zombies
  5 adders
  3 gnolls (D:2)
  2 shadow imps
  A white imp (D:7)
  An ooze (D:1)
  An adder zombie (D:5)
  4 worms
  A dart slug (D:3)
  7 leopard geckos
  29 orcs
  4 giant cockroaches
  6 hobgoblins
  13 jackals
  6 kobolds
  6 quokkas
  3 ball pythons
  13 bats
  5 frilled lizards
  9 goblins
  A jackal zombie (D:5)
  2 leopard gecko skeletons
  9 rats
201 creatures vanquished.

Notes
Turn   | Place    | Note
-------+----------+-------------------------------------------
     0 | D:1      | Kidiri the Deep Elf Fire Elementalist began the quest for the Orb.
     0 | D:1      | Reached XP level 1. HP: 10/10 MP: 6/6
   119 | D:1      | Reached XP level 2. HP: 9/15 MP: 2/8
   123 | D:1      | Learned a level 2 spell: Throw Flame
   885 | D:1      | Reached skill level 4 in Spellcasting
  1112 | D:1      | Reached XP level 3. HP: 17/19 MP: 10/10
  1117 | D:1      | Learned a level 3 spell: Conjure Flame
  1121 | D:1      | Learned a level 3 spell: Inner Flame
  1660 | D:2      | Reached XP level 4. HP: 23/24 MP: 12/12
  1742 | D:2      | Found a faded altar of an unknown god.
  1905 | D:2      | Found a shattered altar of Ashenzari.
  1947 | D:2      | Found a blossoming altar of Fedhas.
  1948 | D:2      | Found a burning altar of Makhleb.
  2333 | D:3      | Reached skill level 5 in Spellcasting
  2398 | D:3      | Reached XP level 5. HP: 14/28 MP: 5/14
  2404 | D:3      | Learned a level 4 spell: Sticky Flame
  2584 | D:3      | Found a burning altar of Makhleb.
  3835 | D:4      | Reached XP level 6. HP: 29/32 MP: 6/16
  3836 | D:4      | Reached skill level 6 in Spellcasting
  4041 | D:4      | Noticed Sigmund
  4049 | D:4      | Reached skill level 5 in Fire Magic
  4053 | D:4      | Killed Sigmund
  4053 | D:4      | Reached skill level 7 in Spellcasting
  4258 | D:4      | Reached XP level 7. HP: 30/36 MP: 14/19
  4296 | D:4      | Learned a level 5 spell: Fireball
  4512 | D:5      | Entered Level 5 of the Dungeon
  5001 | D:5      | Reached skill level 1 in Armour
  5136 | D:5      | Reached skill level 1 in Fighting
  5542 | D:5      | Reached skill level 1 in Short Blades
  5542 | D:5      | Reached skill level 8 in Spellcasting
  5542 | D:5      | Reached skill level 1 in Evocations
  5553 | D:5      | Reached XP level 8. HP: 40/43 MP: 7/22
  5890 | D:6      | Reached skill level 5 in Conjurations
  6767 | D:6      | Reached skill level 9 in Spellcasting
  7170 | D:7      | Found a deep blue altar of Sif Muna.
  7307 | D:7      | Found a staircase to the Ecumenical Temple.
  7326 | Temple   | Entered the Ecumenical Temple
  7545 | Temple   | Became a worshipper of Vehumet
  7566 | D:7      | Reached XP level 9. HP: 34/48 MP: 13/24
  8364 | D:8      | Reached skill level 5 in Dodging
  8766 | D:8      | HP: 1/49 [orc warrior/tomahawk (11)]
  9390 | D:8      | Reached skill level 10 in Spellcasting
  9922 | D:9      | Found a hazy altar of Hepliaklqana.
 10005 | D:9      | Reached * piety under Vehumet
 10005 | D:9      | Offered knowledge of Shock by Vehumet.
 10014 | D:9      | Learned a level 1 spell: Shock
 10066 | D:9      | Found a staircase to the Lair.
 10188 | D:9      | Noticed a two-headed ogre
 10194 | D:9      | Killed a two-headed ogre
 10194 | D:9      | Reached XP level 10. HP: 56/56 MP: 14/26
 10716 | Lair:1   | Entered Level 1 of the Lair of Beasts
 10726 | Lair:1   | Reached skill level 1 in Air Magic
 10869 | Lair:1   | Found a dark tunnel.
 10870 | Lair:1   | Noticed a lindwurm
 10876 | Lair:1   | Killed from afar by a lindwurm

Vault maps used:
D:1:      dpeg_arrival_leaves_temple_mockup
D:2:      ashenzari_conservatory_becter, minitemple,
          chequers_ecumenical_altar_twisty, minivault_24, minmay_crystal_room
D:3:      first_bread, nrook_uturn, minmay_misc_feat_enclosed, bloody_makhleb
D:4:      uniq_sigmund
D:5:      supply_closet_lemuel
D:7:      lemuel_blue_sif_altar, minmay_temple_entry_hall
D:9:      lair_entry_dummy, basic_altar
Temple:   eino_narrow_crystal_temple
Lair:1:   nicolae_volcano_entry_vermiform, lemuel_fruit_fields

Skill      XL: |  1  2  3  4  5  6  7  8  9 10 |
---------------+-------------------------------+-----
Spellcasting   | 4 5 7 8 9 10 | 10.6
Conjurations   | 2 3 4 5 6 |  6.4
Fire Magic     | 4 5 6 7 |  7.1
Armour         | 1 2 3 |  3.6
Fighting       | 1 2 3 |  3.6
Dodging        | 3 4 5 |  5.9
Short Blades   | 1 2 3 |  3.7
Evocations     | 1 2 3 |  3.8
Air Magic      | 1 |  1.1
Stealth        | |  2.4

Action                   |  1- 3 |  4- 6 |  7- 9 | 10-12 || total
-------------------------+-------+-------+-------+-------++-------
Melee: Dagger            |    52 |    73 |   431 |    10 ||   566
 Cast: Flame Tongue      |    31 |    75 |   143 |    15 ||   264
       Throw Flame       |       |     4 |    21 |       ||    25
       Sticky Flame      |       |     7 |    30 |     3 ||    40
       Inner Flame       |       |     1 |     1 |       ||     2
       Fireball          |       |       |     5 |       ||     5
       Conjure Flame     |       |       |     5 |     1 ||     6
Evoke: Wand              |       |       |     8 |       ||     8
  Use: Scroll            |       |    12 |     8 |     4 ||    24
       Potion            |       |       |     3 |       ||     3
 Stab: Sleeping          |     8 |     7 |     5 |       ||    20
       Distracted        |       |     1 |       |       ||     1
  Eat: Chunk             |     2 |     8 |     7 |     1 ||    18
       Fruit             |       |     1 |     5 |       ||     6
       Royal jelly       |       |       |     1 |       ||     1
       Meat ration       |       |       |     2 |       ||     2
Armor: Robe              |    10 |    17 |   114 |     9 ||   150
       Skin              |       |       |     6 |       ||     6
Dodge: Dodged            |    32 |    72 |   262 |    37 ||   403
Block: Other             |     4 |    16 |    41 |     3 ||    64
       Reflection        |     1 |     2 |     2 |       ||     5
